 Dungeon Crawl Stone Soup version 0.32-a0-918-g0f22ef8d61 (webtiles) character file.

Game seed: 3300441408750536966

136 spaghetti the Shooter (level 4, -2/33 HPs)
             Began as a Demonspawn Hunter on Apr 10, 2024.
             Slain by a gnoll
             ... wielding a +0 whip
              (4 damage)
             ... on level 1 of the Dungeon.
             The game lasted 00:02:49 (1710 turns).

spaghetti the Shooter (Demonspawn Hunter)           Turns: 1710, Time: 00:02:49

Health: -2/33      AC:  4    Str: 12    XL:     4   Next: 98%
Magic:  4/4        EV: 11    Int:  9    God:
Gold:   84         SH:  0    Dex: 18    Spells: 3/3 levels left

rFire   . . .        a - +0 shortbow
rCold   . . .        (shield currently unavailable)
rNeg    . . .        c - +0 leather armour
rPois   .            (helmet restricted)
rElec   .            (no cloak)
rCorr   .            g - +0 pair of gloves
SInv    .            (no boots)
Will    .....        m - amulet of regeneration
Stlth   ++           d - ring of wizardry
HPRegen 1.05/turn    (no ring)
MPRegen 0.09/turn

%: wizardry (x1)
@: weak-willed
A: horns 2, demonic magic 1
a: no special abilities


You were on level 1 of the Dungeon.
You visited 1 branch of the dungeon, and saw 3 of its levels.

You collected 84 gold pieces.

Inventory:

Hand Weapons
 a - a +0 shortbow (weapon)
Missiles
 e - a throwing net
Armour
 c - a +0 leather armour (worn)
 g - a +0 pair of gloves (worn)
Jewellery
 d - a ring of wizardry (left hand)
 m - an amulet of regeneration (around neck)
Scrolls
 b - a scroll of identify {unknown}
 f - a scroll of teleportation
 h - a scroll of noise
 k - a scroll of immolation {unknown}
Potions
 j - 2 potions of curing


   Skills:
 - Level 2.0 Fighting
 + Level 5.8 Ranged Weapons
 - Level 1.7 Dodging
 - Level 0.8 Stealth


You had 3 spell levels left.
You didn't know any spells.
Your spell library contained the following spells:

 Spells                   Type           Power      Damage    Failure   Level
 Stone Arrow              Conj/Erth      0%         3d7       50%         3
 Animate Armour           Summ/Erth      0%         N/A       87%         4
 Lehudib's Crystal Spear  Conj/Erth      0%         10d2      100%        8


Dungeon Overview and Level Annotations

Branches:
Dungeon (3/15)

Altars:


Innate Abilities, Weirdness & Mutations

You have a pair of horns on your head.
Spells you cast may paralyse adjacent enemies.


Message History

The gnoll attacks as it pursues you!
The gnoll hits you from afar with a +0 spear.
The gnoll attacks as it pursues you! The gnoll barely misses you.
The gnoll attacks as it pursues you!
The gnoll hits you from afar with a +0 spear.
There is a stone staircase leading up here.
The gnoll hits you from afar with a +0 spear.
You climb upwards.
There is a stone staircase leading down here.
Unknown command.
HP restored.
Done exploring.
Done exploring.
Done exploring.
Done exploring.
You climb downwards.
The gnoll hits you with a +0 spear! The gnoll misses you.
There is a stone staircase leading up, spattered with blood here.
There are monsters nearby!
There are monsters nearby!
The gnoll hits you with a +0 whip! The gnoll completely misses you.
The gnoll hits you but does no damage.
You climb upwards.
There is a stone staircase leading down here.
Unknown command.
Unknown command.
You shoot an arrow. The arrow hits the gnoll.
The gnoll is moderately wounded.
The gnoll hits you with a +0 whip. The gnoll hits you with a +0 spear!
The gnoll hits you with a +0 whip!
* * * LOW HITPOINT WARNING * * *
You shoot an arrow. The arrow barely misses the gnoll.
The gnoll barely misses you. The gnoll hits you with a +0 whip.
* * * LOW HITPOINT WARNING * * *
Unknown command.
As you read the scroll labelled KUCUAVI JAMMEE, it crumbles to dust.
A wave of despondency washes over your surroundings.
It was a scroll of vulnerability.
The gnoll hits you with a +0 spear.
* * * LOW HITPOINT WARNING * * *
The gnoll hits you with a +0 whip.
You die...

###############
#.............#
#.###########.# #.# #.#
### #.# #######.# ..#
#######.#####.......# ß.#
#..g@g.(......#####.# ..#
#.#####.####### #.#
+####### #.# #.# #.#
...')..# #.#
#.###########.# ...###.#
#.# #.............# ⌠..#
#.# #.# #############.#
...###.######.## #.#
...'.......##..# #.#
+#####.###.###.###########
#.#


You could see 2 gnolls.

Vanquished Creatures
  A scorpion (D:2)
  2 adders (D:2)
  A gnoll (D:2)
  A dart slug (D:1)
  A ribbon worm (D:2)
  3 ball pythons (D:1)
  4 endoplasms
  2 giant cockroaches
  5 goblins
  4 hobgoblins
  3 jackals (D:1)
  3 kobolds
  A quokka (D:2)
  6 bats
  3 frilled lizards
  2 rats (D:1)
42 creatures vanquished.

Notes
Turn   | Place    | Note
-------+----------+-------------------------------------------
     0 | D:1      | spaghetti the Demonspawn Hunter began the quest for the
                  | Orb.
     0 | D:1      | Reached XP level 1. HP: 16/16 MP: 1/1
   116 | D:1      | Reached skill level 4 in Ranged Weapons
   171 | D:1      | Gained mutation: You have a pair of small horns on your
                  | head. [demonic ancestry]
   171 | D:1      | Reached XP level 2. HP: 22/22 MP: 2/2
   368 | D:1      | Gained mutation: Spells you cast may paralyse adjacent
                  | enemies. [demonic ancestry]
   368 | D:1      | Reached XP level 3. HP: 27/27 MP: 3/3
   855 | D:2      | Reached skill level 5 in Ranged Weapons
  1428 | D:2      | Noticed a scorpion
  1440 | D:2      | Killed a scorpion
  1441 | D:2      | Gained mutation: You have a pair of horns on your head.
                  | [demonic ancestry]
  1441 | D:2      | Reached XP level 4. HP: 10/33 MP: 4/4
  1710 | D:1      | Slain by a gnoll

Illustrated notes

Levels and vault maps discovered:
D:1:      minmay_arrival_stair_chambers, layout_loops_ring,
          nicolae_kite_square_tiling_tiny
D:2:      minmay_door_path, layout_basic,
          nicolae_concentric_dashed_squares_wild, kennysheep_pointless_box,
          nicolae_twisty_statue_hallways
D:3:      layout_loops_ring, glass_columns_a

Skill      XL: |  1  2  3 |
---------------+----------+-----
Ranged Weapons | 4 5 |  5.8
Fighting       | |  2.0
Dodging        | |  1.7
Stealth        | |  0.8

Action                     |  1- 3 |  4- 6 || total
---------------------------+-------+-------++-------
   Fire: Shortbow          |   127 |    12 ||   139
    Use: Scroll            |     4 |     1 ||     5
         Potion            |       |     2 ||     2
 Armour: Leather armour    |    40 |    14 ||    54
  Dodge: Dodged            |    35 |     4 ||    39

Table legend: (Time is in decaauts)
 A = Elapsed time spent in this place.
 B = Non-inter-level travel time spent in this place.
 C = Inter-level travel time spent in this place.
 D = Time resting spent in this place.
 E = Time spent auto-exploring this place.
 F = Levels seen in this place.
 G = Mean time per level.
                   A        B        C        D        E       F      G
               +--------+--------+--------+--------+--------+-----+--------+
         Total |   1740 |   1663 |     77 |    212 |   1152 |   3 |  580.0 |
       Dungeon |   1740 |   1663 |     77 |    212 |   1152 |   3 |  580.0 |
               +--------+--------+--------+--------+--------+-----+--------+

Top non-repeatable levels by time:
     D:2: 1046 daAuts
     D:1: 692 daAuts
     D:3: 1 daAuts
